Map: Moonlight Madness LE (Void)

Players

CaptRaynor

  • Race: Zerg Zerg
  • League: Grandmaster

공허의유산 - Winner!

  • Race: Protoss Protoss
  • League: Grandmaster

VOD

Have the link to the VOD?

Description

Time

  • Played on: Aug. 22, 2015, 1:36 a.m.
  • Length: 13:52
Show
View Real Time Build Order
Export as new Build Order

CaptRaynor Zerg 

Build Orders: Pool First, Muta Ling Bane 

Get SALT Encoding   

  12  0:01  Drone  
  13  0:12  Overlord  
  13  0:18  Drone  
  14  0:38  Spawning Pool  
  14  0:39  Drone  
  14  0:46  Drone  
  14  0:47  Drone  
  16  1:02  Drone x2  
  18  1:15  Overlord  
  18  1:28  Hatchery  
  17  1:36  Zergling x4  
  19  1:43  Queen  
  21  2:03  Zergling x4  
  21  2:07  Extractor  
  22  2:22  Overlord, Drone  
  23  2:48  Drone  
  23  2:49  Drone x3, Queen  
  29  2:58  Drone  
  29  2:59  Drone x2  
  32  3:08  Baneling Nest  
  31  3:18  Drone x2  
  31  3:19  Drone x2, Extractor  
  34  3:36  Lair  
  34  3:44  Drone x5  
  39  4:04  Overlord x3  
  39  4:17  Zergling x2  
  39  4:18  Zergling x6  
  42  4:39  Centrifical Hooks  
  42  4:43  Pneumatized Carapace  
  42  5:04  Hatchery  
  42  5:06  Extractor  
  40  5:07  Queen  
  40  5:09  Zergling x2  
  40  5:10  Zergling x10  
  48  5:20  Spire  
  47  5:25  Queen  
  49  5:36  Drone x2  
  49  5:37  Drone x2  
  53  6:00  Baneling x4  
  53  6:01  Baneling x7  
  53  6:02  Baneling x5  
  53  6:08  Extractor  
  52  6:27  Zergling x20  
  61  6:52  Overlord x2  
  61  6:53  Overlord x2  
  61  6:54  Drone x2  
  61  6:55  Drone x2  
  58  7:25  Hydralisk Den  
  49  7:56  Drone x4  
  49  7:57  Drone x6  
  49  7:58  Queen  
  61  8:16  Spore Crawler  
  61  8:18  Muscular Augments  
  60  8:24  Drone x3  
  63  8:38  Metabolic Boost  
  63  8:44  Mutalisk x4  
  63  8:45  Mutalisk x8  
  87  9:19  Zerg Flyer Weapons Level 1  
  87  9:22  Hydralisk x8  
  103  9:24  Zergling x4  
  103  9:28  Overlord x3  
  79  10:08  Zergling x16  
  52  10:44  Hydralisk x3  
  56  11:03  Zergling x4  
  56  11:04  Zergling x4  
  60  11:08  Hatchery  
  35  11:37  Zergling x6  
  35  11:38  Zergling x2  
Show
View Real Time Build Order
Export as new Build Order

공허의유산 Protoss - Winner!

Build Orders:  

Get SALT Encoding   

  12  0:01  Probe  
  13  0:14  Pylon  
  13  0:18  Probe  
  14  0:30  Probe  
  15  0:37  Gateway  
  15  0:51  Probe  
  15  0:55  Assimilator  
  16  1:03  Probe  
  17  1:16  Probe  
  18  1:25  Zealot  
  20  1:28  Probe  
  20  1:30  Cybernetics Core  
  20  1:32  Pylon  
  21  1:40  Probe  
  22  1:52  Probe  
  22  1:53  Warp Gate  
  23  2:04  Probe  
  24  2:16  Nexus  
  24  2:23  Pylon  
  24  2:29  Pylon  
  24  2:41  Sentry, Probe  
  27  2:52  Gateway  
  27  2:53  Probe  
  28  3:05  Probe  
  29  3:07  Assimilator  
  29  3:16  Robotics Facility  
  29  3:17  Probe  
  29  3:18  Gateway  
  30  3:26  Pylon  
  30  3:30  Probe  
  30  3:32  Probe  
  32  3:42  Probe  
  33  3:54  Mothership Core  
  35  3:57  Zealot  
  35  3:58  Twilight Council, Zealot  
  39  4:06  Observer  
  39  4:08  Probe  
  41  4:12  Assimilator  
  41  4:14  Zealot  
  41  4:15  Probe  
  44  4:20  Probe  
  45  4:28  Probe  
  46  4:32  Probe  
  47  4:44  Charge  
  47  4:56  Forge  
  47  5:05  Nexus  
  47  5:08  Pylon  
  47  5:10  Probe x2  
  47  5:12  Zealot  
  47  5:13  Zealot  
  53  5:20  Warp Prism  
  55  5:28  Probe  
  55  5:29  Probe  
  55  5:33  Protoss Ground Weapons Level 1  
  57  5:38  Sentry  
  57  5:40  Probe  
  57  5:41  Sentry, Probe  
  63  5:45  Assimilator  
  63  5:53  Probe, Pylon  
  63  5:54  Probe  
  65  5:59  Zealot  
  67  6:05  Probe  
  67  6:06  Probe  
  67  6:07  Gateway  
  69  6:12  Zealot  
  69  6:14  Zealot  
  69  6:15  Pylon  
  69  6:18  Probe x2  
  75  6:19  Probe  
  76  6:26  Zealot  
  76  6:30  Probe  
  76  6:31  Probe x2  
  80  6:42  Probe  
  80  6:43  Photon Cannon  
  80  6:46  Pylon  
  81  6:54  Gateway  
  81  6:56  Gateway  
  81  7:00  Gateway  
  81  7:07  Zealot  
  81  7:08  Zealot x2  
  87  7:13  Probe x2  
  89  7:16  Probe  
  89  7:17  Photon Cannon  
  89  7:19  Zealot  
  89  7:20  Assimilator  
  84  7:41  Zealot  
  84  7:42  Zealot x3  
  84  7:46  Blink  
  84  7:47  Probe x2  
  82  7:55  Protoss Ground Weapons Level 2  
  76  8:06  Probe  
  76  8:07  Probe  
  76  8:09  Zealot x4  
  76  8:10  Zealot x2  
  76  8:11  Zealot  
  92  8:13  Probe  
  92  8:19  Probe x2  
  95  8:25  Probe  
  96  8:31  Probe  
  97  8:36  Photon Cannon  
  97  8:37  Stalker  
  97  8:38  Stalker  
  101  8:42  Pylon  
  101  8:45  Pylon  
  101  8:47  Pylon, Photon Cannon  
  100  8:57  Pylon  
  100  8:59  Pylon  
  100  9:03  Pylon  
  100  9:05  Zealot x4  
  100  9:06  Zealot x3, Photon Cannon  
  114  9:11  Probe x3  
  117  9:18  Gateway  
  117  9:20  Robotics Bay  
  117  9:32  Zealot x6  
  117  9:34  Zealot  
  131  10:02  Probe x3  
  131  10:06  Stalker x5  
  141  10:07  Stalker x2  
  133  10:14  Probe x3  
  117  10:29  Probe x2  
  118  10:37  Stalker x5  
  118  10:38  Stalker x2  
  118  10:39  Stalker  
  118  10:41  Probe  
  126  10:44  Probe  
  126  10:45  Probe  
  123  10:53  Probe  
  123  10:56  Probe  
  125  10:59  Probe  
  126  11:05  Probe  
  126  11:09  Probe  
  126  11:11  Probe  
  127  11:18  Probe  
  114  11:26  Stalker x2  
  114  11:27  Stalker x3  
  114  11:28  Stalker  
  114  11:30  Probe  
  123  11:39  Probe x2  
  112  11:42  Probe  
  111  11:51  Probe  
  96  12:10  Probe x3  
  96  12:22  Probe x2, Nexus  
  91  12:37  Stalker x3  
  91  12:44  Zealot  
  99  12:48  Probe  
  100  13:11  Probe x3  
  94  13:23  Probe x2  
  94  13:33  Probe  
  93  13:35  Probe x2  
Tags
 
Add a new tag
Caveats
  • Supply blocks, unpowered buildings, or Contaminate may cause inaccurate times.
  • Supply counts are checked every 10 seconds.